 Dungeon Crawl Stone Soup version 0.28.0-43-g3370ac3207 (webtiles) character file.

Game seed: 16980851315069261605

79 RascalDebosk the Conjurer (level 4, -5/33 HPs)
             Began as a Draconian Conjurer on Mar 26, 2022.
             Killed by divine providence
             ... invoked by an orc priest
              (12 damage)
             ... on level 4 of the Dungeon on Mar 27, 2022.
             The game lasted 00:26:07 (3444 turns).

RascalDebosk the Conjurer (Draconian Conjurer)      Turns: 3444, Time: 00:26:08

Health: -5/33      AC:  6    Str:  9    XL:     4   Next: 16%
Magic:  5/7        EV: 12    Int: 21    God:
Gold:   63         SH:  0    Dex:  9    Spells: 5/8 levels left

rFire   . . .      SeeInvis .   m - +0 quarterstaff
rCold   . . .      Faith    .   (shield currently unavailable)
rNeg    . . .      Spirit   .   (armour unavailable)
rPois   .          Reflect  .   (helmet restricted)
rElec   .          Harm     .   (no cloak)
rCorr   .          Rampage  .   e - +0 pair of gloves
Will    .....                   (no boots)
Stlth   +.........              (no amulet)
HPRegen 0.11/turn               (no ring)
MPRegen 0.10/turn               (no ring)

@: confused
A: AC +5, unfitting armour, cold-blooded
a: no special abilities


You were on level 4 of the Dungeon.
You visited 1 branch of the dungeon, and saw 4 of its levels.

You collected 63 gold pieces.

Inventory:

Hand Weapons
 m - a +0 quarterstaff (weapon)
Missiles
 a - 51 stones
 g - 8 poisoned darts
 i - 3 boomerangs
Armour
 e - a +0 pair of gloves (worn)
Jewellery
 j - a +6 ring of strength
Scrolls
 b - a scroll of enchant armour {unknown}
 c - 3 scrolls of enchant weapon {unknown}
 l - a scroll of immolation {unknown}
 n - a scroll of identify {unknown}
 o - a scroll of fog {unknown}
 p - a scroll of teleportation {unknown}
Potions
 d - a potion of might {unknown}
 f - a potion of flight {unknown}
 h - 2 potions of magic {unknown}
 k - a potion of berserk rage {unknown}


   Skills:
 + Level 0.0 Staves
 + Level 2.3 Dodging
 - Level 2.0 Stealth
 + Level 2.5 Spellcasting
 + Level 4.3 Conjurations
 + Level 1.3 Hexes
 + Level 1.3 Translocations


You had 5 spell levels left.
You knew the following spells:

 Your Spells              Type           Power      Damage    Failure   Level
a - Magic Dart            Conj           80%        1d7       2%          1
b - Searing Ray           Conj           40%        2d5       3%          2

Your spell library contained the following spells:

 Spells                   Type           Power      Damage    Failure   Level
 Shock                    Conj/Air       44%        1d5       6%          1
 Dazzling Flash           Conj/Hex       28%        N/A       13%         3
 Mephitic Cloud           Conj/Pois/Air  8%         N/A       24%         3
 Ignite Poison            Fire/Tmut/Pois 2%         N/A       38%         3
 Swiftness                Air            2%         N/A       38%         3
 Fulminant Prism          Conj/Hex       7%         3d7       41%         4
 Iskenderun's Mystic Bla  Conj/Tloc      14%        2d5       41%         4
 Airstrike                Air            1%         N/A       80%         4
 Freezing Cloud           Conj/Ice/Air   4%         6-21      91%         5


Dungeon Overview and Level Annotations

Branches:
Dungeon (4/15)
 Temple: D:4-7

Altars:
Zin

Shops:
D:4 (


Innate Abilities, Weirdness & Mutations

Your plain brown scales are hard. (AC +5)
You cannot fit into any form of body armour.
You are cold-blooded and may be slowed by cold attacks.


Message History

The magic dart hits the orc.
The orc is severely wounded.
The orc wizard casts a spell.
The orc wizard flickers and vanishes!
Deactivating autopickup; reactivate with Ctrl-A.
Aiming: Magic Dart (safe; 2% risk of failure)
Press: ? - help, Q - select action, (/) - cycle Shift-Dir - straight line, f/p - orc
Aim: an orc, wielding a +0 trident (severely wounded, 100% to hit)
The magic dart hits the orc.
The orc is almost dead.
A magic dart appears from out of thin air!
The magic dart hits you! The orc closely misses you.
Aiming: Magic Dart (safe; 2% risk of failure)
Press: ? - help, Q - select action, (/) - cycle Shift-Dir - straight line, f/p - orc
Aim: an orc, wielding a +0 trident (almost dead, 100% to hit)
The magic dart hits the orc.
You kill the orc!
Aiming: Magic Dart (safe; 2% risk of failure)
Press: ? - help, Q - select action, (/) - cycle Shift-Dir - straight line, f - you
Okay, then.
An orc comes into view.
It is wielding a +0 whip and wearing a +2 leather armour of poison resistance.
A magic dart appears from out of thin air!
The magic dart hits you!
The orc shouts!
The orc priest shouts!
You hear an angry hiss.
Something barely misses you.
There is an entrance to Onaahif's Weapon Boutique here.
You barely miss something.
An adder comes into view.
Something hits you but does no damage.
You barely miss something.
You hear some strange, mumbled words.
You are confused.
You sock something! Something hits you. x2
* * * LOW HITPOINT WARNING * * *
You miss something.
Your tail-slap misses something.
Something hits you but does no damage.
You're too confused to move!
The orc priest invokes the aid of Beogh against you.
Beogh smites you!
You die...

... ... .... #####........
#...#....... #.>o.S.....
########..{.# ..
#........@o.###.#
#..........###..# ###
#.......)<.###.######.##
#............(.........##+
#.........#....########...
###########....# ####..#
#....# #...... #....#
#...... #.....# #......


You could see an orc priest, an adder and an orc.

Vanquished Creatures
  An adder (D:3)
  3 worms
  A dart slug (D:4)
  3 orcs
  4 ball pythons
  5 endoplasms
  3 giant cockroaches
  3 goblins
  2 hobgoblins
  6 jackals (D:1)
  8 kobolds
  2 quokkas (D:2)
  4 bats
  2 frilled lizards
  4 rats
51 creatures vanquished.

Notes
Turn   | Place    | Note
-------+----------+-------------------------------------------
     0 | D:1      | RascalDebosk the Draconian Conjurer began the quest for the
                  | Orb.
     0 | D:1      | Reached XP level 1. HP: 14/14 MP: 3/3
    21 | D:1      | Found a faded altar of an unknown god.
   154 | D:1      | Reached XP level 2. HP: 4/20 MP: 0/5
   582 | D:1      | Learned a level 2 spell: Searing Ray
  1268 | D:2      | Reached XP level 3. HP: 26/26 MP: 0/6
  1603 | D:2      | Reached skill level 1 in Hexes
  1870 | D:2      | Found a glowing silver altar of Zin.
  2057 | D:2      | Reached skill level 1 in Translocations
  2988 | D:3      | Reached XP level 4. HP: 33/33 MP: 3/7
  3423 | D:4      | Found Onaahif's Weapon Boutique.
  3444 | D:4      | Killed from afar by an orc priest

Illustrated notes

Levels and vault maps discovered:
D:1:      minmay_arrival_checkered_box, layout_basic,
          shapermc_ecumenical_altar_notcrosses
D:2:      layout_loops_corners, basic_altar, roderic_lattice_a
D:3:      layout_loops_ring, grunt_decor_clamped
D:4:      layout_rooms, serial_shops, nicolae_stop_n_shop_2,
          kennysheep_small_circle

Skill      XL: |  1  2  3 |
---------------+----------+-----
Stealth        | 2 |  2.0
Dodging        | 2 |  2.3
Hexes          | 1 |  1.3
Translocations | 1 |  1.3
Spellcasting   | |  2.5
Conjurations   | |  4.3

Action                   |  1- 3 |  4- 6 || total
-------------------------+-------+-------++-------
Melee: Unarmed           |     2 |       ||     2
       Dagger            |    41 |       ||    41
       Tailslap          |    11 |     1 ||    12
       Quarterstaff      |     5 |     9 ||    14
 Cast: Magic Dart        |    74 |    13 ||    87
       Searing Ray       |     5 |       ||     5
 Stab: Sleeping          |     1 |       ||     1
Armor: Skin              |    40 |     5 ||    45
Dodge: Dodged            |    80 |     3 ||    83
